 Dungeon Crawl Stone Soup version 0.25.1-2-g60ff931df9 (webtiles) character file.

Game seed: 14546956559476547662

77 BledDest the Poker (level 4, -1/31 HPs)
             Began as a Demonspawn Chaos Knight on Nov 17, 2020.
             Was a Plaything of Xom.
             Blown up by Ijyb (32 damage)
             ... with a disintegration bolt
             ... on level 2 of the Dungeon.
             The game lasted 00:06:24 (1720 turns).

BledDest the Poker (Demonspawn Chaos Knight)        Turns: 1720, Time: 00:06:24

Health: -1/31      AC:  5    Str: 13    XL:     4   Next: 14%
Magic:  4/4        EV: 11    Int: 14    God:    Xom [.*....]
Gold:   137        SH:  4    Dex: 12    Spells: 3/3 levels left

rFire    . . .     SeeInvis .   a - +0 spear (chaos)
rCold    . . .     Gourm    .   (no shield)
rNeg     . . .     Faith    .   b - +2 leather armour
rPois    .         Spirit   .   (no helmet)
rElec    .         Reflect  .   (no cloak)
rCorr    .         Harm     .   (no gloves)
MR       .....                  (no boots)
Stlth    +.........             (no amulet)
HPRegen  0.10/turn              (no ring)
MPRegen  0.09/turn              (no ring)

@: no status effects
A: claws 1, large bone plates 1, frail 1, rot immunity
a: Renounce Religion


You were on level 2 of the Dungeon.
You worshipped Xom.
You were a plaything of Xom.
You were not hungry.

You visited 1 branch of the dungeon, and saw 2 of its levels.

You collected 137 gold pieces.

Inventory:

Hand Weapons
 a - a +0 spear of chaos (weapon)
Missiles
 h - 31 poisoned darts (quivered)
 m - a throwing net
Armour
 b - a +2 leather armour (worn)
Scrolls
 e - 3 scrolls of identify {unknown}
 i - a scroll of fear {unknown}
 l - a scroll of immolation {unknown}
 n - a scroll of amnesia {unknown}
 o - a scroll of remove curse {unknown}
Potions
 f - a potion of flight {unknown}
 g - 2 potions of heal wounds {unknown}
 j - a potion of haste {unknown}
 k - a potion of lignification {unknown}
Comestibles
 c - 3 rations
 d - 10 chunks of flesh


   Skills:
 - Level 3.0 Fighting
 * Level 4.6 Polearms
 - Level 1.7 Armour
 - Level 0.8 Dodging


You had 3 spell levels left.
You didn't know any spells.
Your spell library contained the following spells:

 Spells                   Type           Power        Failure   Level  Hunger
 Confusing Touch          Hex            #.......     73%         3    ####...
 Gell's Gravitas          Tloc           #.........   73%         3    ####...
 Petrify                  Tmut/Erth      #.......     98%         4    #####..
 Metabolic Englaciation   Hex/Ice        #.........   100%        5    ######.
 Yara's Violent Unravell  Hex/Tmut       #.........   100%        5    ######.


Dungeon Overview and Level Annotations

Branches:
Dungeon (2/15)

Altars:

Annotations:
D:2 Ijyb


Innate Abilities, Weirdness & Mutations

You have sharp fingernails.
You are partially covered in large bone plates. (SH +4)
You are immune to rotting.
You are frail. (-10% HP)


Message History

You feel frail.
You feel a bit more experienced.
Things that are here:
a +0 club; a +0 dagger; a goblin skeleton
h - 32 poisoned darts (gained 1) Ijyb shouts!
Ijyb is too close now for your liking.
Ijyb zaps a wand.
You are blasted!
Throwing (i - inventory. (/) - cycle)
h - 32 poisoned darts (quivered)
Press: ? - help, Shift-Dir - straight line, f - Ijyb
Aim: Ijyb, wearing a +0 leather armour and carrying a wand of disintegration (9)
You throw a poisoned dart. The poisoned dart hits Ijyb.
Ijyb is poisoned.
You hit Ijyb but do no damage.
Ijyb looks even sicker.
Ijyb hits you but does no damage.
You hit Ijyb but do no damage.
Ijyb looks as sick as possible!
Ijyb is lightly wounded.
Ijyb zaps a wand.
You are blasted!
Ouch! That really hurt!
You die...
Xom chortles!

# #..# #######...##.##.......#
# #..###..........g....#.....#
#
##.)......................<....
#
#.....#...............#....####
#.#.#.######.....#.#######.#
###.#.#.# #.###.### .#
....#.#.# #.# #.# .# ##..#.#.#
#.###(## ##..#.#.## #..@g..#
.#.......#####....#.#
.#.##.#..........##.#
...##.##.......#.##.######
)...............#........##
######.#..#...÷###....†...#
#........#)#.#.......#
#.#......##)##8.....8#
#.#..##.######.......#


You could see Ijyb (extremely poisoned).

Vanquished Creatures
  2 adders
  A worm (D:2)
  3 dart slugs
  A leopard gecko (D:1)
  2 giant cockroaches (D:1)
  11 goblins
  5 hobgoblins (D:1)
  6 jackals (D:1)
  4 kobolds
  2 bats
  A frilled lizard (D:1)
  8 rats
46 creatures vanquished.

Notes
Turn   | Place    | Note
-------+----------+-------------------------------------------
     0 | D:1      | BledDest the Demonspawn Chaos Knight began the quest for
                  | the Orb.
     0 | D:1      | Reached XP level 1. HP: 18/18 MP: 1/1
   101 | D:1      | XOM: divination: magic mapping
   103 | D:1      | Reached skill level 3 in Polearms
   181 | D:1      | Gained mutation: You have sharp fingernails. [demonic
                  | ancestry]
   181 | D:1      | Reached XP level 2. HP: 23/24 MP: 2/2
   303 | D:1      | XOM: silly message
   538 | D:1      | Gained mutation: You are immune to rotting. [demonic
                  | ancestry]
   538 | D:1      | Reached XP level 3. HP: 24/29 MP: 3/3
  1118 | D:1      | Reached skill level 4 in Polearms
  1281 | D:2      | XOM: silly message
  1446 | D:2      | XOM: give mutations
  1446 | D:2      | Gained mutation: You are weak. (Str -2) [Xom's mischief]
  1446 | D:2      | Lost mutation: You are weak. (Str -2) [Xom's mischief]
  1521 | D:2      | Gained mutation: You are partially covered in large bone
                  | plates. (SH +4) [demonic ancestry]
  1521 | D:2      | Reached XP level 4. HP: 35/35 MP: 4/4
  1540 | D:2      | XOM: summons 1 hostile shadow creature
  1624 | D:2      | Noticed Ijyb
  1682 | D:2      | XOM: give mutation
  1682 | D:2      | Gained mutation: You are frail. (-10% HP) [Xom's mischief]
  1720 | D:2      | Blown up by Ijyb

Illustrated notes

Levels and vault maps discovered:
D:1:      kennysheep_arrival_seaside, layout_loops_ring
D:2:      kennysheep_the_goblin_king, layout_loops_cross, first_ration,
          kennysheep_generic_room_12

Skill      XL: |  1  2  3 |
---------------+----------+-----
Polearms       | 3 4 |  4.6
Fighting       | |  3.0
Armour         | |  1.7
Dodging        | |  0.8

Action                   |  1- 3 |  4- 6 || total
-------------------------+-------+-------++-------
Melee: Spear             |   121 |    22 ||   143
Throw: Dart              |       |     2 ||     2
  Eat: Chunk             |     2 |     1 ||     3
Armor: Leather armour    |    27 |     7 ||    34
Dodge: Dodged            |    50 |     6 ||    56
Block: Other             |       |     3 ||     3
